 Dungeon Crawl Stone Soup version 0.23.2 (webtiles) character file.

Game seed: 17140922454594338223

3133963 erloom the Conqueror (level 27, 179/179 HPs)
             Began as a Gargoyle Fighter on Apr 10, 2019.
             Was the Champion of Okawaru.
             Escaped with the Orb
             ... and 5 runes on Apr 12, 2019!
             The game lasted 04:59:23 (75919 turns).

erloom the Conqueror (Gargoyle Fighter)            Turns: 75919, Time: 04:59:24

Health: 179/179    AC: 57    Str: 51    XL:     27
Magic:  30/30      EV: 16    Int: 15    God:    Okawaru [******]
Gold:   5884       SH: 43    Dex:  9    Spells: 26/26 levels left

rFire    + + .     SeeInvis +   y - +9 morningstar (holy)
rCold    + + .     Gourm    .   s - +13 large shield of Yesterday {Str+10 Slay-4 Stlth+}
rNeg     + + .     Faith    .   j - +7 gold dragon scales
rPois    ∞         Spirit   +   W - +2 helmet of the Invisible Wars {+Blink MR+ SInv}
rElec    +         Reflect  .   M - scarf {repulsion}
rCorr    .         Harm     .   b - +2 pair of gloves {Str+3}
MR       +++++                  i - +1 pair of boots {run}
Stlth    ..........             S - amulet of Hetsus {Spirit MR+ Str+4}
HPRegen  0.39/turn              r - ring "Xefag" {+Inv rN+ MR+ Str+3 Int+4}
MPRegen  0.22/turn              c - ring of Hekiviegh {rElec rF+ rC+ AC-3 Stlth+}

@: flying, repel missiles, quick
A: big wings, hooves 1, molten scales 1, blurry vision 1, deformed body,
deterioration 1, frail 1, low mp 1, negative energy resistance 1, electricity
resistance, unbreathing, petrification resistance, rot immunity, subdued magic
1, AC +20
0: Orb of Zot
}: 5/15 runes: decaying, serpentine, slimy, silver, abyssal
a: Stop Flying, Heroism, Finesse, Renounce Religion, Evoke Blink, Evoke
Invisibility


You escaped.
You worshipped Okawaru.
Okawaru was exalted by your worship.
You were not hungry.

You visited 13 branches of the dungeon, and saw 59 of its levels.
You visited the Abyss 1 time.
You visited 1 bazaar.
You also visited: Trove, Volcano and Wizlab.

You collected 9836 gold pieces.
You spent 3952 gold pieces at shops.

Inventory:

Hand Weapons
 y - a +9 morningstar of holy wrath (weapon)
 T - a +9 eveningstar of flaming
Missiles
 a - 7 throwing nets (quivered)
Armour
 b - a +2 pair of gloves of strength (worn)
 i - a +1 pair of boots of running (worn)
 j - +7 gold dragon scales (worn)
 s - the +13 large shield of Yesterday (worn) {Str+10 Slay-4 Stlth+}
   (Okawaru gifted it to you on level 1 of the Elven Halls)

   It affects your strength (+10).
   It affects your accuracy and damage with ranged weapons and melee attacks
   (-4).
   It makes you more stealthy.
 M - a scarf of repulsion (worn)
 Q - the +1 crystal plate armour "Roja" {rF+ rN+ Str+4}
   (Okawaru gifted it to you on level 3 of the Realm of Zot)

   It affects your strength (+4).
   It protects you from fire.
   It protects you from negative energy.
 V - a +2 cloak of magic resistance
 W - the +2 helmet of the Invisible Wars (worn) {+Blink MR+ SInv}
   (You found it on level 5 of the Vaults)

   It affects your resistance to hostile enchantments.
   It lets you see invisible.
   It lets you blink.
Jewellery
 c - the ring of Hekiviegh (right hand) {rElec rF+ rC+ AC-3 Stlth+}
   (You found it in a wizard's laboratory)

   [ring of protection]

   It affects your AC (-3).
   It protects you from fire.
   It protects you from cold.
   It insulates you from electricity.
   It makes you more stealthy.
 d - the ring "Xohywnil" {rF+ MP+9}
   (You found it on level 13 of the Dungeon)

   [ring of magical power]

   It protects you from fire.
   It affects your magic capacity (+9).
 e - an uncursed ring of protection from fire
 h - an uncursed ring of resist corrosion
 r - the ring "Xefag" (left hand) {+Inv rN+ MR+ Str+3 Int+4}
   (You found it on level 5 of the Vaults)

   [ring of protection from magic]

   It affects your strength (+3).
   It affects your intelligence (+4).
   It protects you from negative energy.
   It affects your resistance to hostile enchantments.
   It lets you turn invisible.
 x - an uncursed ring of protection from cold
 S - the amulet of Hetsus (around neck) {Spirit MR+ Str+4}
   (You found it on level 2 of the Vaults)

   [amulet of guardian spirit]

   It causes incoming damage to be split between your health and magic.
   It affects your strength (+4).
   It affects your resistance to hostile enchantments.
Wands
 O - a wand of digging (7)
 R - a wand of disintegration (43)
 Y - a wand of acid (21)
Scrolls
 g - 7 scrolls of fog
 k - 7 scrolls of fear
 q - 23 scrolls of teleportation
 t - 7 scrolls of blinking
 v - 4 scrolls of identify
 C - 5 scrolls of holy word
 D - 5 scrolls of magic mapping
 F - 22 scrolls of remove curse
 I - a scroll of acquirement
Potions
 m - 5 potions of haste
 n - 7 potions of berserk rage
 o - 12 potions of heal wounds
 p - 2 potions of cancellation
 w - 26 potions of curing
 A - a potion of ambrosia
 H - a potion of agility
 K - 3 potions of brilliance
 U - 7 potions of might
 Z - 7 potions of mutation
Miscellaneous
 u - a lamp of fire
 B - 3 phantom mirrors
 J - a lightning rod (4/4)
 L - 6 boxes of beasts
Comestibles
 f - 95 rations


   Skills:
 O Level 27 Fighting
   Level 4.5(17.0) Axes
 + Level 25.7(25.8) Maces & Flails
 - Level 25.0 Armour
 - Level 15.0 Dodging
 - Level 25.0 Shields
 - Level 10.0 Invocations
 - Level 15.0 Evocations


You had 26 spell levels left.
You didn't know any spells.
Your spell library contained the following spells:

 Spells                   Type           Power        Failure   Level  Hunger
 Animate Skeleton         Necr           N/A          58%         1    ##.....
 Apportation              Tloc           #.....       58%         1    ##.....
 Beastly Appendage        Tmut           #.....       58%         1    ##.....
 Corona                   Hex            #......      58%         1    ##.....
 Freeze                   Ice            #...         58%         1    ##.....
 Infusion                 Chrm           #...         58%         1    ##.....
 Magic Dart               Conj           #...         58%         1    ##.....
 Pain                     Necr           #...         58%         1    ##.....
 Sandblast                Erth           #.....       58%         1    ##.....
 Shock                    Conj/Air       #...         58%         1    ##.....
 Sting                    Conj/Pois      #...         58%         1    ##.....
 Summon Butterflies       Summ           #.......     58%         1    ##.....
 Summon Small Mammal      Summ           #...         58%         1    ##.....
 Blink                    Tloc           N/A          73%         2    ###....
 Call Imp                 Summ           #.......     73%         2    ###....
 Corpse Rot               Necr           N/A          73%         2    ###....
 Ensorcelled Hibernation  Hex/Ice        #.....       73%         2    ###....
 Passwall                 Tmut/Erth      #.......     73%         2    ###....
 Poisonous Vapours        Pois/Air       #.....       73%         2    ###....
 Searing Ray              Conj           #.....       73%         2    ###....
 Shroud of Golubria       Chrm/Tloc      #.........   73%         2    ###....
 Slow                     Hex            #.......     73%         2    ###....
 Song of Slaying          Chrm           #.......     73%         2    ###....
 Sticks to Snakes         Tmut           #.......     73%         2    ###....
 Swiftness                Chrm/Air       #.......     73%         2    ###....
 Throw Flame              Conj/Fire      #.....       73%         2    ###....
 Throw Frost              Conj/Ice       #.....       73%         2    ###....
 Call Canine Familiar     Summ           #.......     92%         3    ####...
 Conjure Flame            Conj/Fire      #.......     92%         3    ####...
 Gell's Gravitas          Tloc           #.........   92%         3    ####...
 Ignite Poison            Fire/Tmut/Pois #.......     92%         3    ####...
 Inner Flame              Hex/Fire       #.......     92%         3    ####...
 Lesser Beckoning         Tloc           #.........   92%         3    ####...
 Mephitic Cloud           Conj/Pois/Air  #.......     92%         3    ####...
 Ozocubu's Armour         Chrm/Ice       #.......     92%         3    ####...
 Portal Projectile        Hex/Tloc       #.....       92%         3    ####...
 Recall                   Summ/Tloc      N/A          92%         3    ####...
 Regeneration             Chrm/Necr      #.........   92%         3    ####...
 Spectral Weapon          Hex/Chrm       #.......     92%         3    ####...
 Spider Form              Tmut/Pois      #.........   92%         3    ####...
 Static Discharge         Conj/Air       #.......     92%         3    ####...
 Stone Arrow              Conj/Erth      #.....       92%         3    ####...
 Summon Guardian Golem    Hex/Summ       #.......     92%         3    ####...
 Teleport Other           Tloc           #.......     92%         3    ####...
 Tukima's Dance           Hex            #.......     92%         3    ####...
 Vampiric Draining        Necr           #.........   92%         3    ####...
 Airstrike                Air            #.........   100%        4    #####..
 Animate Dead             Necr           N/A          100%        4    #####..
 Cause Fear               Hex            #.........   100%        4    #####..
 Force Lance              Conj/Tloc      #.......     100%        4    #####..
 Ice Form                 Ice/Tmut       #.......     100%        4    #####..
 Leda's Liquefaction      Hex/Erth       #.........   100%        4    #####..
 Olgreb's Toxic Radiance  Pois           #.......     100%        4    #####..
 Petrify                  Tmut/Erth      #.......     100%        4    #####..
 Summon Ice Beast         Ice/Summ       #.......     100%        4    #####..
 Summon Lightning Spire   Summ/Air       #.......     100%        4    #####..
 Throw Icicle             Conj/Ice       #.......     100%        4    #####..
 Agony                    Necr           #.......     100%        5    ######.
 Alistair's Intoxication  Tmut/Pois      #.......     100%        5    ######.
 Aura of Abjuration       Summ           #.........   100%        5    ######.
 Blade Hands              Tmut           #.........   100%        5    ######.
 Bolt of Draining         Conj/Necr      #.........   100%        5    ######.
 Bolt of Magma            Conj/Fire/Erth #.........   100%        5    ######.
 Borgnjor's Vile Clutch   Necr/Erth      #.........   100%        5    ######.
 Dispel Undead            Necr           #.......     100%        5    ######.
 Excruciating Wounds      Chrm/Necr      #.........   100%        5    ######.
 Fireball                 Conj/Fire      #.........   100%        5    ######.
 Irradiate                Conj/Tmut      #.........   100%        5    ######.
 Iskenderun's Battlesphe  Conj/Chrm      #.......     100%        5    ######.
 Lee's Rapid Deconstruct  Erth           #.........   100%        5    ######.
 Lightning Bolt           Conj/Air       #.........   100%        5    ######.
 Metabolic Englaciation   Hex/Ice        #.........   100%        5    ######.
 Silence                  Hex/Air        #.........   100%        5    ######.
 Summon Demon             Summ           #.........   100%        5    ######.
 Summon Forest            Summ/Tloc      #.........   100%        5    ######.
 Summon Mana Viper        Hex/Summ       #.......     100%        5    ######.
 Venom Bolt               Conj/Pois      #.........   100%        5    ######.
 Yara's Violent Unravell  Hex/Tmut       #.........   100%        5    ######.
 Bolt of Cold             Conj/Ice       #.........   100%        6    #######
 Bolt of Fire             Conj/Fire      #.........   100%        6    #######
 Darkness                 Hex            #.........   100%        6    #######
 Death Channel            Necr           #.........   100%        6    #######
 Deflect Missiles         Chrm/Air       #.........   100%        6    #######
 Dispersal                Tloc           #.........   100%        6    #######
 Freezing Cloud           Conj/Ice/Air   #.........   100%        6    #######
 Hydra Form               Tmut           #.........   100%        6    #######
 Invisibility             Hex            #.......     100%        6    #######
 Iron Shot                Conj/Erth      #.........   100%        6    #######
 Ozocubu's Refrigeration  Ice            #.........   100%        6    #######
 Shadow Creatures         Summ           N/A          100%        6    #######
 Simulacrum               Ice/Necr       #.........   100%        6    #######
 Dragon Form              Tmut           #.........   100%        7    #######
 Orb of Destruction       Conj           #.........   100%        7    #######
 Ring of Flames           Chrm/Fire      #.........   100%        7    #######
 Spellforged Servitor     Conj/Summ      #.........   100%        7    #######
 Summon Hydra             Summ           #.........   100%        7    #######
 Discord                  Hex            #.........   100%        8    #######
 Ignition                 Fire           #.........   100%        8    #######
 Necromutation            Tmut/Necr      #.........   100%        8    #######
 Sublimation of Blood     Necr           Unusable     N/A         2    N/A
 Passage of Golubria      Tloc           Unusable     N/A         4    N/A
 Statue Form              Tmut/Erth      Unusable     N/A         6    N/A

Dungeon Overview and Level Annotations

Branches:
Dungeon (15/15)            Temple (1/1) D:6            Lair (6/6) D:9
  Swamp (4/4) Lair:2        Snake (4/4) Lair:2        Slime (5/5) Lair:6
    Orc (2/2) D:10            Elf (3/3) Orc:2        Vaults (5/5) D:14
  Crypt (3/3) Vaults:2       Tomb (0/3) Crypt:3      Depths (5/5) D:15
   Hell (1/1)                 Dis (0/7) Hell            Geh (0/7) Hell
    Coc (0/7) Hell            Tar (0/7) Hell            Zot (5/5) Depths:5

Altars:
Ashenzari
Cheibriados
Dithmenos
Elyvilon
Fedhas
Gozag
Hepliaklqana
Kikubaaqudgha
Makhleb
Nemelex Xobeh
Okawaru
Qazlal
Ru
Sif Muna
Trog
Uskayaw
Vehumet
Wu Jian
Xom
Yredelemnul
Zin
The Shining One
Jiyva

Shops:
D:4 }   D:15 ?(}(   Orc:1 *[*}[   Orc:2 ([=*   Elf:1 [[   Elf:2 =**   Snake:3 =
Vaults:2 %   Vaults:4 (   Depths:2 (   Depths:3 }=}

Portals:
Hell: Depths:1 Depths:2 Depths:3 Depths:4 Depths:5
Abyss: Depths:1 Depths:2 Depths:4 Depths:5
Pandemonium: Depths:3
Ziggurat: Depths:1

Annotations:
D:14 exclusion: Roxanne, Roxanne
Lair:2 exclusion: oklob plant


Innate Abilities, Weirdness & Mutations

You are resistant to torment.
Your stone body is resilient. (AC +20)
You are immune to poison.
Your large and strong wings let you fly indefinitely.
You resist negative energy. (rN+)
You are resistant to electric shocks. (rElec)
You can survive without breathing.
You are immune to petrification.
You are immune to rotting.
You have large cloven feet.
You are partially covered in molten scales. (AC +2)
Scrolls take you a little longer to read.
Armour fits poorly on your strangely shaped body.
Your body sometimes deteriorates upon taking damage.
You are frail. (-10% HP)
Your magical capacity is low. (-10% MP)
Your spells are a little easier to cast, but a little less powerful.


Message History

The balrug gestures at you. Something smites you!
Things that are here:
a +0 robe; a +0 dagger
There is a stone staircase leading up here.
Things that are here:
2 stones; a +0 scale mail; a +0 flail You fly upwards.
There is a stone staircase leading down here.
There is a stone staircase leading up here.
You fly upwards.
There is a stone staircase leading down here.
Evoke which item? (* to show all) (? for menu, Esc to quit)
Aiming: Dig
Press: ? - help, Shift-Dir - straight line A rock wall.
This square is covered in magical glow.
The rock shatters into small pieces.
There is a staircase leading out of the dungeon here.
You have escaped!

..........##..........###### #
..........##.####..........######
................+..........'.....
..##.....###.####..........######
..##..........# #..........#
..............###.##########
..............#PPP#
.......#####'##≈≈≈## .......#
#.#..@..# .###...#####..#♣.♣##
>.............##'#######
#......####...##.......###
+.........#...###[.......#
#...#...#.....# #........#
#...#...#.....# #........#
........#.....####.......#
.........................#


There were no monsters in sight!

Vanquished Creatures
  7 orbs of fire (Zot:5)
  11 ancient liches
  The ghost of Gorice the Minotaur Blade, a legendary MiFi of Okawaru (Zot:5)
  Mara (Crypt:1)
  Mennas (Depths:4)
  4 juggernauts
  The ghost of Toelubet the Slayer, a veteran CeHu of Okawaru (Zot:2)
  The ghost of Switch the Slayer, a veteran DDFi of Makhleb (Vaults:1)
  Xtahua (Depths:4)
  Bai Suzhen (Elf:3)
  Margery (Depths:2)
  5 Killer Klowns
  6 curse toes
  3 caustic shrikes (Depths:5)
  Geryon (Hell)
  13 golden dragons
  3 bone dragons
  A profane servitor (Crypt:2)
  Jory (Crypt:1)
  9 electric golems
  A Hellbinder (WizLab)
  A Tzitzimitl (D:11)
  3 liches
  15 tentacled monstrosities
  An Ice Fiend (Depths:3)
  27 Orb Guardians
  11 quicksilver dragons
  2 deep elf blademasters (Elf:3)
  6 titans
  4 deep elf master archers (Elf:3)
  20 acid blobs
  An Executioner (Depths:4)
  7 sphinxes
  4 ancient champions
  4 tentacled starspawn
  Frances (Elf:1)
  6 death cobs
  16 shadow dragons
  12 tengu reavers
  A thorn hunter (Swamp:4)
  The ghost of ThisFiasco the Executioner, an adept HOBe of Trog (Snake:2)
  Kirke (Lair:4)
  19 storm dragons
  Donald (Snake:1)
  8 azure jellies
  2 revenants (Crypt:2)
  14 large abominations
  3 draconian knights
  6 nagarajas
  18 fire giants
  4 draconian monks
  A draconian scorcher (Zot:5)
  A fire giant (shapeshifter) (Depths:4)
  4 iron dragons
  4 ghost moths (Zot:4)
  An orc warlord (Orc:2)
  A ghost moth (shapeshifter) (Depths:5)
  8 deep elf sorcerers
  20 vault wardens
  A juggernaut zombie (Depths:3)
  4 balrugs
  9 frost giants
  A cacodemon (WizLab)
  3 draconian shifters
  Aizul (Elf:2)
  Louise (Elf:1)
  4 deep elf elementalists
  6 reapers (Hell)
  19 ironheart preservers
  3 spriggan defenders
  22 stone giants
  2 caustic shrike skeletons
  2 ghouls (Crypt:2)
  2 ophanim (Abyss:3)
  An angel (Abyss:3)
  2 draconian annihilators
  2 entropy weavers (shapeshifter)
  31 very ugly things
  7 green draconians
  28 vampire knights
  3 war gargoyles
  4 entropy weavers
  5 lorocyprocas (WizLab)
  8 deep elf demonologists
  6 black draconians
  A minotaur (Orc:2)
  7 deep elf annihilators
  A black sun (WizLab)
  4 white draconians
  7 yellow draconians
  6 red draconians
  12 purple draconians
  11 spark wasps
  The ghost of ABBCCCDDDD the Covert, a journeyman HaSk of Uskayaw (Orc:2)
  5 blizzard demons
  Snorg (Lair:6)
  6 fire dragons
  A merfolk impaler (Depths:1)
  3 crystal guardians (Depths:2)
  3 eidola
  13 jiangshi
  5 green deaths
  11 ettins
  15 yaktaur captains
  5 deep elf death magi
  A quicksilver dragon zombie (Crypt:3)
  5 deep elf high priests
  7 death oozes (Slime:5)
  A mummy priest (Crypt:3)
  11 great orbs of eyes
  24 hydras
  20 naga warriors
  39 vault guards
  The ghost of Borgoz the Slicer, a journeyman GrGl of Ashenzari (D:13)
  A monstrous demonspawn (Depths:3)
  10 rakshasas
  A hell beast (WizLab)
  5 catoblepae
  An ice dragon (shapeshifter) (Vaults:5)
  Harold (D:7)
  3 spriggan air magi
  15 ice dragons
  A spectral shadow dragon (Zot:2)
  3 centaur warriors
  21 two-headed ogres
  2 shambling mangroves
  4 anacondas
  10 death yaks
  7 tengu warriors
  3 death knights
  30 dancing weapons
  A queen ant (Lair:4)
  10 alligators
  8 deep troll shamans
  10 thrashing horrors
  2 titan zombies (Crypt:3)
  An orc high priest (Orc:2)
  6 ogre magi
  2 spriggan berserkers
  5 shock serpents
  A shock serpent (shapeshifter) (Vaults:5)
  14 deep troll earth magi
  Urug (Lair:3)
  14 naga sharpshooters
  A hell hog (Hell)
  17 vampire magi
  9 soul eaters
  9 spriggans
  3 storm dragon zombies (Crypt:3)
  A spectral black draconian (Zot:2)
  13 sun demons
  33 deep elf knights
  4 salamander mystics
  5 wretched stars
  A spectral yellow draconian (Zot:2)
  4 shadow wraiths
  33 deep trolls
  2 sixfirhies
  57 skeletal warriors
  10 unseen horrors
  28 hell knights
  6 wizards
  A spectral ghost moth (Zot:2)
  2 cherubim (Abyss:3)
  An iron giant zombie (Crypt:1)
  7 naga ritualists
  A fire crab (shapeshifter) (Vaults:2)
  The ghost of grocchini the Shield-Bearer, a novice OpFi of Wu Jian (D:8)
  2 iron trolls
  2 anaconda zombies (Hell)
  A quicksilver dragon simulacrum (Depths:3)
  A spatial maelstrom (Abyss:1)
  A spectral white draconian (Zot:2)
  3 spriggan druids
  32 phantasmal warriors
  A harpy (shapeshifter) (Vaults:3)
  24 deep elf archers
  8 flayed ghosts
  A tengu zombie (Vaults:1)
  3 wolf spider zombies (Crypt:3)
  14 necromancers
  3 anaconda skeletons (Volcano)
  9 harpies
  A stone giant zombie (Crypt:3)
  10 swamp dragons (Swamp:4)
  16 ironbrand convokers
  Pikel (D:5)
  37 ugly things
  22 orc knights
  A golden dragon zombie (Crypt:3)
  5 frost giant zombies (Crypt:1)
  A golden dragon skeleton (Depths:3)
  The ghost of Karim the Magician, a novice GnWn (D:5)
  89 deep elf magi
  8 mana vipers
  6 orc sorcerers
  A cyclops (Vaults:2)
  A tengu skeleton (Depths:3)
  A shadow dragon skeleton (Hell)
  12 salamanders
  7 manticores
  2 worldbinders (Abyss:3)
  3 fire giant zombies
  3 shining eyes
  An elephant (shapeshifter) (Vaults:5)
  34 moths of wrath
  27 black mambas
  2 frost giant skeletons
  5 guardian serpents
  An apocalypse crab (Abyss:3)
  5 rust devils
  3 eyes of devastation
  An elf zombie (D:15)
  A guardian serpent (shapeshifter) (Depths:1)
  9 centaur zombies
  A black mamba (shapeshifter) (D:13)
  19 vault sentinels
  21 naga magi
  An eye of devastation (shapeshifter) (Vaults:5)
  A dire elephant zombie (Crypt:3)
  2 ice statues (Hell)
  A storm dragon simulacrum (Zot:2)
  A spiny frog (shapeshifter) (Abyss:3)
  18 spiny frogs
  8 orange demons
  6 gargoyles
  A molten gargoyle (Hell)
  9 smoke demons
  51 yaktaurs
  2 yaktaur zombies
  An emperor scorpion zombie (Hell)
  An elf skeleton (Depths:3)
  A kobold demonologist (D:15)
  2 hellions
  A rime drake (shapeshifter) (Vaults:5)
  A catoblepas zombie (Crypt:3)
  4 komodo dragons
  A yaktaur (shapeshifter) (Vaults:5)
  2 tormentors
  A redback zombie (Crypt:3)
  3 efreet
  A komodo dragon (shapeshifter) (Vaults:2)
  3 ice devils
  8 freezing wraiths
  3 ancient zymes
  A golden dragon simulacrum (Zot:2)
  A sea snake skeleton (Crypt:1)
  A demonic crawler (Hell)
  3 hydra zombies
  3 meliai
  10 guardian mummies
  13 small abominations
  8 hellwings
  5 tengu conjurers
  A green draconian skeleton (Crypt:1)
  A harpy zombie (Hell)
  A jumping spider (Vaults:3)
  A minotaur skeleton (Crypt:1)
  11 trolls
  A polar bear (shapeshifter) (Depths:2)
  A spectral moth of wrath (Zot:2)
  A tyrant leech (shapeshifter) (Depths:4)
  2 polar bears
  8 red devils
  Prince Ribbit (D:9)
  90 slime creatures
  7 tyrant leeches
  14 hornets
  12 dream sheep
  4 hydra skeletons
  15 blink frogs
  A harpy skeleton (Crypt:3)
  11 raiju
  A meliai zombie (Crypt:3)
  A guardian serpent zombie (Crypt:3)
  A deep troll zombie (D:15)
  A draconian simulacrum (Zot:2)
  2 human simulacra
  A snapping turtle (shapeshifter) (Vaults:4)
  A dream sheep (shapeshifter) (Vaults:2)
  2 alligator zombies (Hell)
  28 flying skulls
  8 bog bodies
  An ettin zombie (Hell)
  A hippogriff (shapeshifter) (Vaults:4)
  An ice dragon zombie (Depths:1)
  8 hippogriffs
  2 air elementals (Elf:1)
  3 redbacks (Vaults:3)
  2 alligator skeletons
  A redback (shapeshifter) (Vaults:2)
  2 fire dragon skeletons
  A satyr skeleton (Crypt:2)
  12 water elementals
  12 wraiths
  A shadow (Crypt:1)
  A yak (shapeshifter) (Vaults:3)
  A tarantella (shapeshifter) (Abyss:3)
  A tarantella (Vaults:2)
  2 vampires
  5 ynoxinuls
  4 wyverns
  9 fire elementals
  A steam dragon (shapeshifter) (Depths:4)
  6 fire bats
  2 basilisks (Lair:2)
  34 yaks
  A hog (shapeshifter) (D:14)
  7 golden eyes (Slime:5)
  2 hogs (Lair:4)
  A catoblepas simulacrum (Hell)
  A black draconian simulacrum (Zot:2)
  15 vampire mosquitoes
  6 chaos spawn
  4 neqoxecs
  A hungry ghost (D:10)
  A steam dragon (D:11)
  A white draconian simulacrum (Zot:2)
  A red draconian simulacrum (Zot:2)
  A soldier ant (shapeshifter) (Depths:5)
  2 acid dragons
  10 insubstantial wisps
  6 wargs
  A monstrous demonspawn zombie (Crypt:2)
  15 swamp worms
  43 nagas
  21 soldier ants
  A spiny frog zombie (Hell)
  A hydra simulacrum (Hell)
  23 water moccasins
  4 hell hounds
  2 moth of wrath simulacra (Zot:2)
  A floating eye (shapeshifter) (Vaults:4)
  49 orc warriors
  10 porcupines
  9 eyes of draining
  2 ice beasts
  7 sky beasts
  A slave (D:5)
  A manticore zombie (Crypt:3)
  14 swamp drakes
  An ice dragon simulacrum (Hell)
  A black bear (shapeshifter) (Depths:4)
  2 hornet zombies
  5 black bears
  19 starcursed masses
  31 ogres
  2 phantoms (D:5)
  15 boggarts
  3 centaurs
  A swamp dragon zombie (Crypt:2)
  A lindwurm skeleton (Crypt:1)
  A fire crab zombie (Crypt:2)
  6 crocodiles
  4 big kobolds
  10 bullfrogs
  A draconian skeleton (Crypt:3)
  A gnoll sergeant (D:7)
  A wyvern zombie (D:9)
  3 wyvern skeletons
  A water moccasin zombie (D:8)
  3 earth elementals
  5 scorpions
  A water moccasin skeleton (D:11)
  14 killer bees
  A swamp dragon simulacrum (Hell)
  14 wights
  2 spriggan skeletons
  3 electric eels (Lair:2)
  5 howler monkeys
  A raiju skeleton (Crypt:3)
  A troll skeleton (Volcano)
  10 crimson imps
  4 bullfrog zombies
  2 quasits
  11 hounds
  15 jellies
  2 human skeletons (Crypt:1)
  9 iron imps
  14 orc priests
  13 centaur skeletons
  A human zombie (Crypt:1)
  4 bullfrog skeletons
  7 iguanas
  26 worker ants
  25 orc wizards
  A demonspawn skeleton (Crypt:2)
  A hell rat (D:9)
  A crocodile skeleton (Crypt:3)
  A hound zombie (D:5)
  3 mummies (Crypt:1)
  A worker ant zombie (D:10)
  8 gnolls
  13 adders
  A river rat (D:9)
  A swamp drake zombie (Crypt:2)
  6 shadow imps
  3 white imps
  3 oozes
  3 ufetubi
  A lava snake zombie (Crypt:1)
  3 adder skeletons
  A halfling skeleton (Crypt:2)
  3 worms
  A barachi zombie (Crypt:1)
  3 dart slugs
  9 leopard geckos
  90 orcs
  3 giant cockroaches
  A gnoll zombie (Crypt:2)
  A goblin (D:3)
  5 hobgoblins
  14 jackals
  16 kobolds
  7 quokkas
  4 ball pythons
  8 bats
  6 frilled lizards
  A goblin zombie (Crypt:1)
  A jackal skeleton (Crypt:3)
  A leopard gecko skeleton (D:5)
  5 rats
  2 crawling corpses (Vaults:5)
  A fungus (Lair:4)
  A plant (Lair:4)
  2 starspawn tentacles
  A withered plant (D:15)
2966 creatures vanquished.

Vanquished Creatures (collateral kills)
  the Royal Jelly (Slime:5)
  3 azure jellies (Slime:5)
4 creatures vanquished.

Vanquished Creatures (others)
  A ghost moth (Zot:4)
  Nessos (D:12)
  A yaktaur captain (Vaults:2)
  6 naga sharpshooters
  2 deep elf knights
  A hell knight (Depths:2)
  A deep elf mage (Elf:2)
  A deep elf archer (D:14)
  A necromancer (Depths:1)
  An ugly thing (D:14)
  4 yaktaurs
  A hornet (Swamp:3)
  A flying skull (Crypt:1)
  A hungry ghost (D:5)
  2 nagas
  A slave (D:5)
  An orc warrior (Vaults:1)
  A centaur (D:13)
  An ogre (D:5)
  A wight (Crypt:1)
  An orc priest (Vaults:3)
  An orc wizard (Vaults:1)
  6 orcs
  A frilled lizard (D:5)
  21 fungi
  19 plants
  10 starspawn tentacles
89 creatures vanquished.

Grand Total: 3059 creatures vanquished

Notes
Turn   | Place    | Note
-------+----------+-------------------------------------------
     0 | D:1      | erloom the Gargoyle Fighter began the quest for the Orb.
     0 | D:1      | Reached XP level 1. HP: 14/14 MP: 1/1
   205 | D:1      | Reached XP level 2. HP: 19/19 MP: 2/2
   670 | D:2      | Reached XP level 3. HP: 23/23 MP: 3/3
  1075 | D:2      | Reached XP level 4. HP: 25/28 MP: 4/4
  1273 | D:2      | Reached skill level 5 in Maces & Flails
  1430 | D:2      | Found a glowing silver altar of Zin.
  1508 | D:3      | Reached XP level 5. HP: 32/32 MP: 5/5
  2353 | D:4      | Found a shimmering altar of Xom.
  2381 | D:4      | Found a shimmering altar of Xom.
  2644 | D:4      | Noticed an ogre
  2653 | D:4      | Killed an ogre
  2653 | D:4      | Reached XP level 6. HP: 18/37 MP: 6/6
  2886 | D:4      | Found a shimmering altar of Xom.
  2934 | D:4      | Found a shimmering altar of Xom.
  3013 | D:4      | Found Socwud's Gadget Emporium.
  3131 | D:5      | Entered Level 5 of the Dungeon
  3245 | D:5      | Noticed a phantom
  3282 | D:5      | Killed a phantom
  3282 | D:5      | Reached XP level 7. HP: 35/41 MP: 7/7
  3349 | D:5      | Found a runed translucent gate.
  3350 | D:5      | Found a runed translucent gate.
  3350 | D:5      | Found a runed translucent gate.
  3350 | D:5      | Noticed Karim's ghost (novice GnWn)
  3382 | D:5      | Noticed Pikel
  3426 | D:5      | Killed Pikel
  3426 | D:5      | Reached XP level 8. HP: 35/46 MP: 8/8
  3571 | D:5      | Reached skill level 10 in Maces & Flails
  4690 | D:6      | Found a staircase to the Ecumenical Temple.
  4699 | Temple   | Entered the Ecumenical Temple
  4778 | Temple   | Became a worshipper of Warmaster Okawaru
  5097 | D:6      | Found a glowing golden altar of the Shining One.
  5198 | D:6      | Reached skill level 4 in Fighting
  6001 | D:7      | Reached XP level 9. HP: 48/52 MP: 9/9
  6061 | D:7      | Reached skill level 5 in Fighting
  6235 | D:7      | Reached * piety under Okawaru
  6426 | D:7      | Noticed Harold
  6461 | D:7      | Killed Harold
  6461 | D:7      | Reached ** piety under Okawaru
  6461 | D:7      | Reached skill level 6 in Fighting
  6917 | D:7      | Reached skill level 7 in Fighting
  7040 | D:8      | Reached XP level 10. HP: 63/63 MP: 12/12
  7166 | D:8      | Found a blossoming altar of Fedhas.
  7219 | D:8      | Found a glowing golden altar of the Shining One.
  7357 | D:8      | Reached skill level 8 in Fighting
  7610 | D:8      | Reached *** piety under Okawaru
  7685 | D:8      | Found a runed translucent gate.
  7685 | D:8      | Found a runed translucent gate.
  7685 | D:8      | Found a runed translucent gate.
  7686 | D:8      | Noticed grocchini's ghost (novice OpFi)
  7686 | D:8      | Noticed a ten-headed hydra
  8268 | D:9      | Noticed Prince Ribbit
  8276 | D:9      | Killed Prince Ribbit
  8308 | D:9      | Noticed a two-headed ogre
  8317 | D:9      | Killed a two-headed ogre
  8454 | D:9      | Found an opulent altar of Gozag.
  8493 | D:9      | Reached skill level 9 in Fighting
  8730 | D:9      | Noticed a death yak
  8733 | D:9      | Reached skill level 5 in Invocations
  8735 | D:9      | Noticed a death yak
  8735 | D:9      | Noticed a death yak
  8737 | D:9      | Noticed a two-headed ogre
  9000 | D:9      | Reached **** piety under Okawaru
  9077 | D:8      | Killed a death yak
  9092 | D:9      | Killed a death yak
  9092 | D:9      | Reached skill level 10 in Fighting
  9092 | D:9      | Reached XP level 11. HP: 58/72 MP: 11/14
  9252 | D:9      | Killed a two-headed ogre
  9486 | D:9      | Killed a death yak
  9486 | D:9      | Reached ***** piety under Okawaru
  9804 | D:9      | Found a glowing golden altar of the Shining One.
  9895 | D:9      | Found a staircase to the Lair.
 10019 | Lair:1   | Entered Level 1 of the Lair of Beasts
 10497 | Lair:1   | Reached skill level 11 in Fighting
 10731 | Lair:1   | Received a gift from Okawaru
 10736 | Lair:1   | Got an encrusted crystal plate armour {god gift}
 10798 | D:9      | Identified the +0 crystal plate armour of Demons {rElec MR+
                  | Regen+} (Okawaru gifted it to you on level 1 of the Lair of
                  | Beasts)
 11579 | Lair:2   | Found a staircase to the Snake Pit.
 11596 | Lair:2   | Reached skill level 5 in Armour
 11596 | Lair:2   | Reached skill level 5 in Shields
 11596 | Lair:2   | Reached XP level 12. HP: 69/80 MP: 16/16
 11781 | Lair:2   | Found a staircase to the Swamp.
 12583 | Lair:3   | Noticed Urug
 12604 | Lair:3   | Killed Urug
 13273 | Lair:4   | Noticed Kirke
 13428 | Lair:3   | Reached skill level 12 in Fighting
 13459 | Lair:4   | Killed Kirke
 13459 | Lair:4   | Received a gift from Okawaru
 13459 | Lair:4   | Reached ****** piety under Okawaru
 13523 | Lair:4   | Noticed an entropy weaver
 13524 | Lair:4   | Noticed a queen ant
 13546 | Lair:4   | Killed a queen ant
 13547 | Lair:4   | Noticed an entropy weaver
 13553 | Lair:4   | Killed an entropy weaver
 13553 | Lair:4   | Reached XP level 13. HP: 84/87 MP: 13/19
 13570 | Lair:4   | Killed an entropy weaver
 13591 | Lair:4   | Received a gift from Okawaru
 14464 | Lair:5   | Reached skill level 13 in Fighting
 14544 | Lair:5   | Reached skill level 1 in Evocations
 14929 | Lair:6   | Entered Level 6 of the Lair of Beasts
 15035 | Lair:6   | Received a gift from Okawaru
 15066 | Lair:6   | Found a staircase to the Slime Pits.
 15134 | Lair:6   | Found a dark tunnel.
 15148 | Volcano  | Entered a volcano
 15492 | Volcano  | Reached skill level 14 in Fighting
 15622 | Volcano  | Got a clouded pewter amulet
 15643 | Volcano  | Identified the amulet "Egut" {Inacc rC++ Str-2 SInv} (You
                  | found it in a volcano)
 15937 | Lair:6   | Received a gift from Okawaru
 16044 | Lair:6   | Gained mutation: Your large and strong wings let you fly
                  | indefinitely. [Gargoyle growth]
 16044 | Lair:6   | Reached XP level 14. HP: 96/96 MP: 21/21
 16405 | Lair:6   | Noticed Snorg
 16440 | Lair:6   | Killed Snorg
 16518 | Lair:6   | Reached skill level 15 in Fighting
 16774 | Lair:6   | Received a gift from Okawaru
 16939 | Lair:6   | Identified the cursed +1 ring mail "Ympulial" {rN+ Str+2}
                  | (You found it on level 6 of the Lair of Beasts)
 17555 | D:10     | Entered Level 10 of the Dungeon
 17975 | D:10     | Found a staircase to the Orcish Mines.
 18615 | Orc:1    | Entered Level 1 of the Orcish Mines
 18672 | Orc:1    | Found Ruzusar's Gadget Emporium.
 18885 | Orc:1    | Found Eghaax's Assorted Antiques.
 18893 | Orc:1    | Bought a scroll of enchant armour for 180 gold pieces
 18928 | Orc:1    | Found Hifizody's Assorted Antiques.
 18938 | Orc:1    | Bought a scroll of identify for 52 gold pieces
 18938 | Orc:1    | Bought a scroll of teleportation for 78 gold pieces
 18950 | Orc:1    | Found Car Goal's Antique Armour Boutique.
 19077 | Orc:2    | Entered Level 2 of the Orcish Mines
 19151 | Orc:1    | Reached skill level 10 in Armour
 19198 | Orc:1    | Reached skill level 10 in Shields
 19238 | Orc:2    | Found Syudop's General Store.
 19309 | Orc:2    | Found Peavvasu's Jewellery Shop.
 19334 | Orc:2    | Bought a potion of degeneration for 12 gold pieces
 19416 | Orc:2    | Bought an uncursed ring of resist corrosion for 260 gold
                  | pieces
 19510 | Orc:2    | Received a gift from Okawaru
 19930 | Orc:1    | Found Yplicitt's Antique Armour Shop.
 19937 | Orc:1    | Bought a pair of embroidered gloves for 232 gold pieces
 19991 | Orc:2    | Found a runed translucent gate.
 19991 | Orc:2    | Found a runed translucent gate.
 19991 | Orc:2    | Found a runed translucent gate.
 20005 | Orc:2    | Noticed ABBCCCDDDD's ghost (journeyman HaSk)
 20043 | Orc:2    | Killed ABBCCCDDDD's ghost
 20052 | Orc:2    | Reached XP level 15. HP: 104/104 MP: 17/22
 20057 | Orc:2    | Reached skill level 16 in Fighting
 20137 | Orc:2    | Noticed an orc warlord
 20175 | Orc:2    | Killed an orc warlord
 20264 | Orc:2    | Found Gady's Antique Armour Emporium.
 20372 | Orc:2    | Found a staircase to the Elven Halls.
 20382 | Orc:2    | Found Peunies's Antique Weapon Shoppe.
 21124 | D:11     | Found a portal to a secret trove of treasure.
 21644 | D:12     | Noticed Nessos
 21647 | D:12     | Killed Nessos
 22514 | D:13     | Received a gift from Okawaru
 22852 | D:13     | Found a transporter.
 23030 | D:13     | Noticed Borgoz's ghost (journeyman GrGl)
 23051 | D:13     | Found a transporter.
 23116 | D:13     | Killed Borgoz's ghost
 23156 | D:13     | Got a scintillating lead ring
 23157 | D:13     | Identified the ring "Xohywnil" {rF+ MP+9} (You found it on
                  | level 13 of the Dungeon)
 23714 | D:14     | Received a gift from Okawaru
 23767 | D:14     | Found a gate to the Vaults.
 23905 | D:14     | Identified Roxanne's Guide on Clay
 23905 | D:14     | Noticed Roxanne
 23975 | D:14     | Reached skill level 17 in Fighting
 24024 | D:14     | Received a gift from Okawaru
 24077 | D:14     | Reached XP level 16. HP: 99/112 MP: 23/23
 24324 | D:14     | Found a shimmering altar of Xom.
 24609 | D:15     | Entered Level 15 of the Dungeon
 24629 | D:15     | Found Uqaj's Antique Weapon Shop.
 24740 | D:15     | Bought a glowing broad axe for 189 gold pieces
 24809 | D:15     | Reached skill level 1 in Axes
 24867 | D:15     | Found a staircase to the Depths.
 25022 | D:15     | Found Zemiekae's Gadget Boutique.
 25080 | D:15     | Found Vanaag's Weapon Shoppe.
 25184 | D:15     | Found Jeom's Magic Scroll Shop.
 25192 | D:15     | Bought a scroll of brand weapon for 380 gold pieces
 25639 | Snake:1  | Entered Level 1 of the Snake Pit
 25703 | Snake:1  | Reached skill level 1 in Dodging
 25737 | Snake:1  | Reached skill level 15 in Armour
 25741 | Snake:1  | Received a gift from Okawaru
 25953 | Snake:1  | Noticed Donald
 25963 | Snake:1  | Killed Donald
 26336 | Snake:2  | Noticed a nagaraja
 26369 | Snake:2  | Killed a nagaraja
 26606 | Snake:2  | Reached XP level 17. HP: 119/119 MP: 24/24
 26634 | Snake:2  | Reached skill level 18 in Fighting
 26654 | Snake:2  | Received a gift from Okawaru
 26912 | Snake:2  | Found a runed translucent door.
 26912 | Snake:2  | Noticed ThisFiasco's ghost (adept HOBe)
 26935 | Snake:2  | Killed ThisFiasco's ghost
 27415 | Snake:3  | Found Fuugih's Jewellery Boutique.
 27598 | Snake:4  | Entered Level 4 of the Snake Pit
 27655 | Snake:3  | Reached skill level 5 in Dodging
 28177 | Snake:4  | Reached skill level 15 in Shields
 28256 | Snake:4  | Received a gift from Okawaru
 28256 | Snake:4  | Reached skill level 15 in Maces & Flails
 28331 | Snake:4  | Reached XP level 18. HP: 126/126 MP: 25/25
 28336 | Snake:4  | Received a gift from Okawaru
 28456 | Snake:4  | Got an amber-encrusted chain mail
 28460 | Snake:4  | Identified the +0 chain mail of the Armoured One {rElec}
                  | (You found it on level 4 of the Snake Pit)
 28515 | Snake:4  | Got a serpentine rune of Zot
 28914 | Swamp:1  | Entered Level 1 of the Swamp
 29069 | Swamp:1  | Found the brooch of Shielding {Reflect SH+8}
 29147 | Swamp:1  | Reached skill level 10 in Invocations
 30651 | Swamp:3  | Reached skill level 5 in Evocations
 30905 | Swamp:4  | Entered Level 4 of the Swamp
 31024 | Swamp:4  | Received a gift from Okawaru
 31202 | Swamp:4  | Reached skill level 19 in Fighting
 31442 | Swamp:4  | Reached XP level 19. HP: 130/132 MP: 26/26
 31507 | Swamp:4  | Got a decaying rune of Zot
 32009 | Vaults:1 | Entered Level 1 of the Vaults
 32196 | Vaults:1 | Received a gift from Okawaru
 32478 | Vaults:1 | Found a large runed translucent door.
 32478 | Vaults:1 | Found a large runed translucent door.
 32479 | Vaults:1 | Noticed Switch's ghost (veteran DDFi)
 32525 | Vaults:1 | Killed Switch's ghost
 33229 | Vaults:1 | Identified the +1 shortbow "Hietiat" {speed, Str+2} (You
                  | found it on level 1 of the Vaults)
 33650 | Vaults:2 | Found Vikkisom's Food Boutique.
 33668 | Vaults:2 | Received a gift from Okawaru
 33801 | Vaults:2 | Reached skill level 20 in Fighting
 34307 | Vaults:2 | Reached XP level 20. HP: 133/140 MP: 27/27
 34638 | Vaults:2 | Got a shimmering crystal amulet
 34641 | Vaults:2 | Identified the amulet of Hetsus {Spirit MR+ Str+4} (You
                  | found it on level 2 of the Vaults)
 34696 | Vaults:2 | Found a staircase to the Crypt.
 34696 | Vaults:2 | Found an ancient bone altar of Kikubaaqudgha.
 34697 | Vaults:2 | Found a basalt altar of Yredelemnul.
 35114 | Vaults:3 | Received a gift from Okawaru
 36427 | Vaults:3 | Received a gift from Okawaru
 37190 | Vaults:4 | Reached XP level 21. HP: 135/146 MP: 28/28
 38037 | Vaults:4 | Found Usmoumof's Weapon Emporium.
 38047 | Vaults:4 | Received a gift from Okawaru
 38457 | D:15     | Bought a scroll of acquirement for 988 gold pieces
 38457 | D:15     | Bought a scroll of identify for 38 gold pieces
 38457 | D:15     | Bought a scroll of identify for 38 gold pieces
 38457 | D:15     | Bought a scroll of acquirement for 988 gold pieces
 38718 | D:11     | You paid a toll of 2 scrolls of acquirement to enter a
                  | treasure trove
 38719 | Trove    | Entered a treasure trove
 38722 | Trove    | Found the +7 Kryia's mail coat {PotionHeal*2 rC+}
 38723 | Trove    | Found the +27 Lear's hauberk
 38724 | Trove    | Got a pitted cloak
 38726 | Trove    | Got a warped large shield
 38747 | Trove    | Identified a +0 pair of boots of running (You found it in a
                  | treasure trove)
 38777 | Trove    | Got a dazzling crystal plate armour
 38781 | Trove    | Identified the +9 crystal plate armour of Ducainuu {Dex+6}
                  | (You found it in a treasure trove)
 38782 | Trove    | Identified the +0 cloak of the Princess {Int+3} (You found
                  | it in a treasure trove)
 38783 | Trove    | Identified the +0 large shield of the Komtur {Int+2 Dex+3}
                  | (You found it in a treasure trove)
 39039 | D:5      | Killed Karim's ghost
 39126 | D:8      | Killed grocchini's ghost
 39338 | Elf:1    | Entered Level 1 of the Elven Halls
 39414 | Elf:1    | Got a coiled iron ring
 39416 | Elf:1    | Identified the ring "Bicuchou" {MR- Str+5 Int+3 SInv} (You
                  | acquired it on level 1 of the Elven Halls)
 39424 | Elf:1    | Got a fine marble ring
 39425 | Elf:1    | Identified the ring of Doubts {+Fly AC+3} (You acquired it
                  | on level 1 of the Elven Halls)
 39889 | Elf:1    | Received a gift from Okawaru
 39911 | Elf:1    | Got a heavily runed large shield {god gift}
 39914 | Elf:1    | Identified the +13 large shield of Yesterday {Str+10 Slay-4
                  | Stlth+} (Okawaru gifted it to you on level 1 of the Elven
                  | Halls)
 40021 | Elf:1    | Noticed Louise
 40042 | Elf:1    | Killed Louise
 40135 | Elf:1    | Found Wyte's Armour Emporium.
 40135 | Elf:1    | Found Fatoupt's Antique Armour Shoppe.
 40321 | Elf:1    | Noticed Frances
 40336 | Elf:1    | Killed Frances
 40761 | Elf:2    | Found Iwoas's General Store.
 40799 | Elf:2    | Noticed Aizul
 40805 | Elf:2    | Killed Aizul
 40846 | Elf:2    | Found Honkia's Jewellery Shop.
 40867 | Elf:2    | Found Pewuet Usiu's General Store.
 40886 | Elf:2    | Bought a scroll of identify for 26 gold pieces
 40987 | Elf:2    | Found a runed translucent gate.
 40987 | Elf:2    | Found a runed translucent gate.
 40987 | Elf:2    | Found a runed translucent gate.
 41239 | Elf:2    | Reached XP level 22. HP: 152/152 MP: 29/29
 41403 | Elf:2    | Reached skill level 10 in Dodging
 41763 | Elf:3    | Entered Level 3 of the Elven Halls
 42135 | Elf:3    | Received a gift from Okawaru
 42768 | Elf:3    | Identified the +5 war axe of Floods {chop, Dex+8}
 42769 | Elf:3    | Identified the +0 war axe "Gejeomani" {drain, rElec rPois
                  | Stlth-}
 42832 | Elf:3    | Got a warped whip
 42851 | Elf:3    | Identified the +7 whip of Infinity {drain, -Tele *Contam
                  | rElec rF+++} (You found it on level 3 of the Elven Halls)
 42862 | Elf:3    | Got a steaming steel amulet
 42879 | Elf:3    | Identified the amulet "Taluh" {Inacc rF+} (You found it on
                  | level 3 of the Elven Halls)
 42905 | Elf:3    | Identified the Compendium of Enhancements and Displacement
 43054 | Elf:3    | Noticed Bai Suzhen
 43082 | Elf:3    | Killed Bai Suzhen
 44121 | Depths:1 | Entered Level 1 of the Depths
 44169 | Depths:1 | Reached skill level 21 in Fighting
 44171 | Depths:1 | Received a gift from Okawaru
 44449 | Depths:1 | Reached XP level 23. HP: 156/160 MP: 30/30
 44702 | Depths:1 | Received a gift from Okawaru
 44961 | Depths:1 | Found a one-way gate to the infinite horrors of the Abyss.
 45393 | Depths:1 | Found a gateway to Hell.
 45402 | Depths:1 | Found a gateway to a ziggurat.
 45988 | Depths:2 | Reached skill level 22 in Fighting
 46008 | Depths:2 | Noticed a juggernaut
 46265 | Depths:2 | Noticed Margery
 46269 | Depths:2 | Received a gift from Okawaru
 46285 | Depths:2 | Killed Margery
 46569 | Depths:2 | Noticed a golden dragon
 46591 | Depths:2 | Killed a golden dragon
 46923 | Depths:2 | Received a gift from Okawaru
 46957 | Depths:2 | Killed a juggernaut
 46957 | Depths:2 | Reached XP level 24. HP: 166/169 MP: 30/30
 47027 | Depths:2 | Identified the cursed +1 plate armour "Epaunwud" {rF+ rN+}
                  | (You found it on level 2 of the Depths)
 47295 | Depths:2 | Found Meastrurgh's Antique Weapon Shop.
 47556 | Depths:3 | Got a shimmering mace
 47594 | Depths:3 | Identified the +5 mace of Losalank {crush, +Blink rElec
                  | MP-9} (You found it on level 3 of the Depths)
 47827 | Depths:3 | Found a gateway to a bazaar.
 47833 | Bazaar   | Entered a bazaar
 47840 | Bazaar   | Found Dajeann's Antique Weapon Shoppe.
 47851 | Bazaar   | Found Zymaovo's Antique Weapon Emporium.
 47867 | Bazaar   | Found Bismanu's Antique Armour Shoppe.
 47878 | Bazaar   | Found Witosurgh's Antique Armour Emporium.
 47899 | Bazaar   | Bought a polished great mace for 207 gold pieces
 47902 | Bazaar   | Identified the cursed +0 great mace of Poverty {speed, MR+
                  | Int+4} (You bought it in a shop in a bazaar)
 47981 | Depths:3 | Found a one-way gate leading to the halls of Pandemonium.
 48203 | Depths:3 | Found Usaathra's Jewellery Boutique.
 48204 | Depths:3 | Found Yget's Gadget Emporium.
 48204 | Depths:3 | Found Alycla Lokk's Gadget Emporium.
 48724 | Depths:4 | Found a magical portal.
 48732 | WizLab   | Entered The Hall of the Hellbinder
 48754 | WizLab   | Gained mutation: You have large cloven feet. [a neqoxec]
 48823 | WizLab   | Gained mutation: Your spells are a little easier to cast,
                  | but a little less powerful. [a cacodemon]
 48869 | WizLab   | Received a gift from Okawaru
 48883 | WizLab   | Reached skill level 23 in Fighting
 49084 | WizLab   | Found a burning altar of Makhleb.
 49287 | WizLab   | Got a coiled jade ring
 49289 | WizLab   | Identified the ring of Routu {Fire *Slow Dex+6} (You found
                  | it in a wizard's laboratory)
 49292 | WizLab   | Identified the Guide on the Escort
 49295 | WizLab   | Got a clouded wooden ring
 49297 | WizLab   | Identified the cursed ring of Hekiviegh {rElec rF+ rC+ AC-3
                  | Stlth+} (You found it in a wizard's laboratory)
 49578 | Depths:4 | Paralysed by a sphinx for 3 turns
 50077 | Depths:4 | Noticed Xtahua
 50102 | Depths:4 | Killed Xtahua
 50292 | Depths:4 | Received a gift from Okawaru
 50299 | Depths:4 | Reached XP level 25. HP: 124/176 MP: 28/30
 50851 | Depths:4 | Identified the +0 pair of boots of Holur {Dex+4} (Okawaru
                  | gifted it to you on level 4 of the Depths)
 50881 | Depths:4 | Identified the +7 spear of Untruth {pierce, Str+4}
 51128 | Depths:4 | Noticed a juggernaut
 51145 | Depths:4 | Killed a juggernaut
 51167 | Depths:4 | Noticed a juggernaut
 51206 | Depths:4 | Killed a juggernaut
 51246 | Depths:4 | Reached skill level 10 in Evocations
 51354 | Depths:4 | Reached skill level 24 in Fighting
 51361 | Depths:4 | Received a gift from Okawaru
 51449 | Depths:4 | Found the +5 robe of Night {Dark MR+ SInv}
 51456 | Depths:4 | Identified the +6 morningstar of Execution {drain, +Inv
                  | Str+2} (You found it on level 4 of the Depths)
 51860 | Depths:4 | Noticed Mennas
 51894 | Depths:4 | Killed Mennas
 52045 | Depths:5 | Entered Level 5 of the Depths
 52751 | Depths:5 | Reached XP level 26. HP: 186/186 MP: 30/30
 52977 | Depths:5 | Found a gate to the Realm of Zot.
 54061 | Vaults:5 | Entered Level 5 of the Vaults
 54223 | Vaults:5 | Noticed an ancient lich
 54226 | Vaults:4 | Received a gift from Okawaru
 54247 | Vaults:5 | Paralysed by a floating eye for 4 turns
 54418 | Vaults:4 | Killed an ancient lich
 54418 | Vaults:4 | Reached skill level 25 in Fighting
 54517 | Vaults:5 | Identified the +3 scimitar of Death {speed, *Noise Str+5}
 54517 | Vaults:5 | Identified the ring "Jin Wiumi" {rPois AC+2 Str+4 Int-3}
 54745 | Vaults:5 | Received a gift from Okawaru
 55022 | Vaults:5 | Noticed an ancient lich
 55073 | Vaults:5 | Identified the +11 lajatang of Fatigue {flame, *Rage rElec
                  | rF+++ Stlth+}
 55073 | Vaults:5 | Identified the ring of Baipav {Str+6 Int+6 Dex-4 Slay+2}
 55089 | Vaults:5 | Killed an ancient lich
 55172 | Vaults:5 | Reached XP level 27. HP: 171/193 MP: 23/30
 55321 | Vaults:5 | Received a gift from Okawaru
 55721 | Vaults:5 | Got a silver rune of Zot
 56001 | Vaults:5 | Identified the Volume of Scorching Venom
 56057 | Vaults:5 | Identified the +5 triple crossbow "Muinnef" {velocity,
                  | Str+2 Dex+4} (You found it on level 5 of the Vaults)
 56075 | Vaults:5 | Identified the +2 scale mail of Lifelessness {+Blink} (You
                  | found it on level 5 of the Vaults)
 56230 | Vaults:5 | Identified Figrej's Spellcasting, Part Two
 56270 | Vaults:5 | Identified the +2 helmet of the Invisible Wars {+Blink MR+
                  | SInv} (You found it on level 5 of the Vaults)
 56319 | Vaults:5 | Got a scintillating marble ring
 56321 | Vaults:5 | Identified the ring "Xefag" {+Inv rN+ MR+ Str+3 Int+4} (You
                  | found it on level 5 of the Vaults)
 56949 | Zot:1    | Entered Level 1 of the Realm of Zot
 57005 | Zot:1    | Received a gift from Okawaru
 57050 | Zot:1    | Found a transporter.
 57114 | Zot:1    | Found a transporter.
 57123 | Zot:1    | Got a vibrating turquoise ring
 57134 | Zot:1    | Got a fine tin ring
 57142 | Zot:1    | Identified the ring "Huazifipn" {+Fly rPois MR+ Int+3
                  | Slay+3} (You found it on level 1 of the Realm of Zot)
 57179 | Zot:1    | Got a jade-encrusted scale mail
 57192 | Zot:1    | You are sucked into a shaft!
 57210 | Zot:2    | Found a runed translucent gate.
 57211 | Zot:2    | Found a runed translucent gate.
 57211 | Zot:2    | Found a runed translucent gate.
 57212 | Zot:2    | Noticed Toelubet's ghost (veteran CeHu)
 57253 | Zot:2    | Killed Toelubet's ghost
 57332 | Zot:2    | Received a gift from Okawaru
 57336 | Zot:2    | Got a transparent triple crossbow {god gift}
 58799 | Zot:3    | Received a gift from Okawaru
 58805 | Zot:3    | Got a shimmering crystal plate armour {god gift}
 58825 | Zot:2    | Identified the +1 crystal plate armour "Roja" {rF+ rN+
                  | Str+4} (Okawaru gifted it to you on level 3 of the Realm of
                  | Zot)
 58835 | Zot:2    | Identified the cursed +0 scale mail "Fokeicah" {rPois
                  | Int+3} (You found it on level 1 of the Realm of Zot)
 60328 | Zot:4    | Received a gift from Okawaru
 60445 | Zot:4    | Found a transporter.
 60470 | Zot:4    | Found a transporter.
 60596 | Zot:4    | Found the +0 mask of the Dragon {MR+ Slay+3 SInv}
 60613 | Zot:4    | Identified the ring of Recklessness {MR+ MP+9 Int+6} (You
                  | found it on level 1 of the Realm of Zot)
 60891 | Zot:4    | Received a gift from Okawaru
 61373 | D:15     | Identified the +4 morningstar of the Seeker {drain, +Blink
                  | rF+ MR+ Str+3} (You acquired it on level 15 of the Dungeon)
 61675 | Slime:1  | Entered Level 1 of the Pits of Slime
 61936 | Slime:5  | Entered Level 5 of the Pits of Slime
 62046 | Slime:4  | Gained mutation: Armour fits poorly on your strangely
                  | shaped body. [a shining eye]
 62342 | Slime:5  | Noticed the Royal Jelly
 62378 | Slime:5  | Found a viscous altar of Jiyva.
 62404 | Slime:5  | Received a gift from Okawaru
 62454 | Slime:5  | Killed the Royal Jelly
 62672 | Slime:5  | Got a ruby-encrusted crystal plate armour {god gift}
 62689 | Slime:5  | Got a slimy rune of Zot
 62704 | Slime:5  | Identified the Handbook of Warped Summoning
 62718 | Slime:5  | Identified the Reference Book on Combat Magic and Poison
 62739 | Slime:5  | Got an ancient morningstar
 62766 | Slime:5  | Identified Sif Muna's Handbook of Glacial Envenoming
 62810 | Slime:5  | Identified the +6 crystal plate armour of the Sky {rPois
                  | rN+ Str-3 Dex+4} (Okawaru gifted it to you on level 5 of
                  | the Pits of Slime)
 62822 | Slime:5  | Identified the +3 morningstar of Dishonesty {pain, *Contam
                  | +Blink Str+2 Dex+2} (You found it on level 5 of the Pits of
                  | Slime)
 63255 | Crypt:1  | Entered Level 1 of the Crypt
 63270 | Crypt:1  | Noticed Mara
 63277 | Crypt:1  | Noticed erloom's illusion
 63402 | Crypt:1  | Killed Mara
 63791 | Crypt:1  | Noticed Jory
 63797 | Crypt:1  | Found a basalt altar of Yredelemnul.
 63848 | Crypt:1  | Killed Jory
 64869 | Crypt:2  | Received a gift from Okawaru
 64921 | Crypt:2  | Got a polished dire flail {god gift}
 64955 | Crypt:2  | Identified the +9 dire flail of Vecaodol {crush, rC++
                  | Int-2} (Okawaru gifted it to you on level 2 of the Crypt)
 65066 | Crypt:2  | Found a basalt altar of Yredelemnul.
 65299 | Crypt:3  | Entered Level 3 of the Crypt
 65433 | Crypt:3  | Found a staircase to the Tomb.
 65577 | Crypt:3  | Found the +9 sword of Zonguldrok {reap}
 65990 | Crypt:3  | Received a gift from Okawaru
 66082 | Crypt:3  | Found a basalt altar of Yredelemnul.
 66422 | Crypt:3  | Identified the cursed +0 pair of boots of Compassion {rN+
                  | Str+6 Int-5 Stlth+} (You found it on level 3 of the Crypt)
 66427 | Crypt:3  | Identified Ryihum's Volume of Necromancy
 67896 | Vaults:4 | Bought a +1 morningstar of holy wrath for 284 gold pieces
 68129 | Depths:1 | Voluntarily entered the Abyss.
 69228 | Abyss:3  | Found a corrupted altar of Lugonu.
 69337 | Abyss:3  | Paralysed by accursed screaming for 1 turns
 69548 | Abyss:3  | Found a corrupted altar of Lugonu.
 69769 | Abyss:3  | Found a glowing golden altar of the Shining One.
 69822 | Abyss:3  | Noticed a juggernaut
 69837 | Abyss:3  | Killed a juggernaut
 69841 | Abyss:3  | Got an abyssal rune of Zot
 69848 | Abyss:3  | Found a glowing golden altar of the Shining One.
 69945 | Depths:1 | Escaped the Abyss
 70196 | Zot:5    | Entered Level 5 of the Realm of Zot
 70250 | Zot:5    | Found a runed translucent gate.
 70250 | Zot:5    | Found a runed translucent gate.
 70250 | Zot:5    | Noticed Gorice's ghost (legendary MiFi)
 70251 | Zot:5    | Found a runed translucent gate.
 70262 | Zot:5    | Killed Gorice's ghost
 70318 | Zot:5    | Found a huge runed gate.
 70318 | Zot:5    | Found a huge runed gate.
 70318 | Zot:5    | Found a huge runed gate.
 70318 | Zot:5    | Found a huge runed gate.
 70318 | Zot:5    | Found a huge runed gate.
 70318 | Zot:5    | Found a huge runed gate.
 70319 | Zot:5    | Found a huge runed gate.
 70320 | Zot:5    | Found a huge runed gate.
 70325 | Zot:5    | Found a huge runed gate.
 70325 | Zot:5    | Found a huge runed gate.
 70325 | Zot:5    | Found a huge runed gate.
 70330 | Zot:5    | Found a huge runed gate.
 70331 | Zot:5    | Found a huge runed gate.
 70332 | Zot:5    | Found a huge runed gate.
 70333 | Zot:5    | Found a huge runed gate.
 70334 | Zot:5    | Found a huge runed gate.
 70335 | Zot:5    | Found a huge runed gate.
 70343 | Zot:5    | Found a huge runed gate.
 70343 | Zot:5    | Found a huge runed gate.
 70346 | Zot:5    | Found a huge runed gate.
 70347 | Zot:5    | Found a huge runed gate.
 70348 | Zot:5    | Found a huge runed gate.
 70357 | Zot:5    | Noticed an orb of fire
 70358 | Zot:5    | Noticed an orb of fire
 70358 | Zot:5    | Noticed an orb of fire
 70364 | Zot:5    | Gained mutation: You expend magic power (3 MP) to
                  | strengthen your wands. [an orb of fire]
 70761 | Zot:5    | Gained mutation: You are frail. (-10% HP) [an orb of fire]
 70782 | Zot:5    | Gained mutation: Your magical capacity is low. (-10% MP)
                  | [an orb of fire]
 70784 | Zot:5    | Gained mutation: Your body sometimes deteriorates upon
                  | taking damage. [an orb of fire]
 70791 | Zot:5    | Killed an orb of fire
 70791 | Zot:5    | Received a gift from Okawaru
 70995 | Zot:5    | Gained mutation: Scrolls take you a little longer to read.
                  | [an orb of fire]
 71026 | Zot:5    | Killed an orb of fire
 71233 | Zot:5    | Killed an orb of fire
 71550 | Zot:5    | Noticed an ancient lich
 71554 | Zot:5    | Noticed an ancient lich
 71564 | Zot:5    | Killed an ancient lich
 71570 | Zot:5    | Killed an ancient lich
 71612 | Zot:5    | Noticed an orb of fire
 71625 | Zot:5    | Noticed an orb of fire
 71626 | Zot:5    | Gained mutation: Scrolls take you longer to read. [an orb
                  | of fire]
 71627 | Zot:5    | Killed an orb of fire
 71637 | Zot:5    | Noticed an orb of fire
 71640 | Zot:5    | Gained mutation: Your body often deteriorates upon taking
                  | damage. [an orb of fire]
 71642 | Zot:5    | Killed an orb of fire
 71645 | Zot:5    | Noticed an ancient lich
 71654 | Zot:5    | Gained mutation: Your magical capacity is very low. (-20%
                  | MP) [an orb of fire]
 71655 | Zot:5    | Killed an ancient lich
 71655 | Zot:5    | Received a gift from Okawaru
 71673 | Zot:5    | Killed an orb of fire
 71677 | Zot:5    | Reached skill level 15 in Dodging
 72113 | Zot:5    | Received a gift from Okawaru
 72263 | Zot:5    | Noticed an ancient lich
 72273 | Zot:5    | Killed an ancient lich
 72311 | Zot:5    | Noticed an ancient lich
 72318 | Zot:5    | Noticed an ancient lich
 72319 | Zot:5    | Noticed an ancient lich
 72320 | Zot:5    | Noticed an orb of fire
 72322 | Zot:5    | Noticed an ancient lich
 72323 | Zot:5    | Noticed an ancient lich
 72324 | Zot:5    | Gained mutation: You are very frail. (-20% HP) [an orb of
                  | fire]
 72357 | Zot:5    | Reached skill level 15 in Evocations
 72368 | Zot:5    | Killed an ancient lich
 72374 | Zot:5    | Killed an ancient lich
 72382 | Zot:5    | Killed an ancient lich
 72871 | Zot:5    | Killed an ancient lich
 72896 | Zot:5    | Killed an ancient lich
 72924 | Zot:5    | Reached skill level 26 in Fighting
 72989 | Zot:5    | Killed an orb of fire
 72989 | Zot:5    | Received a gift from Okawaru
 72994 | Zot:5    | Identified the +0 pair of boots "Tuil" {rCorr} (Okawaru
                  | gifted it to you on level 5 of the Realm of Zot)
 73475 | D:9      | Lost mutation: Your magical capacity is very low. (-20% MP)
                  | [potion of mutation]
 73475 | D:9      | Lost mutation: You have large cloven feet. [potion of
                  | mutation]
 73475 | D:9      | Lost mutation: You are very frail. (-20% HP) [potion of
                  | mutation]
 73475 | D:9      | Lost mutation: Your spells are a little easier to cast, but
                  | a little less powerful. [potion of mutation]
 73475 | D:9      | Gained mutation: You have a pair of small antennae on your
                  | head. [potion of mutation]
 73476 | D:9      | Lost mutation: You expend magic power (3 MP) to strengthen
                  | your wands. [potion of mutation]
 73476 | D:9      | Lost mutation: You have a pair of small antennae on your
                  | head. [potion of mutation]
 73476 | D:9      | Lost mutation: Your body often deteriorates upon taking
                  | damage. [potion of mutation]
 73476 | D:9      | Lost mutation: Scrolls take you longer to read. [potion of
                  | mutation]
 73476 | D:9      | Gained mutation: You are partially covered in molten
                  | scales. (AC +2) [potion of mutation]
 73476 | D:9      | Gained mutation: You have large cloven feet. [potion of
                  | mutation]
 73652 | Hell     | Entered the Vestibule of Hell
 73652 | Hell     | Noticed Geryon
 73701 | Hell     | Found a gateway to the decaying netherworld of Tartarus.
 73782 | Hell     | Killed Geryon
 73795 | Hell     | Found a gateway to the freezing wastes of Cocytus.
 74097 | Hell     | Reached skill level 27 in Fighting
 74405 | Hell     | Received a gift from Okawaru
 74718 | Hell     | Found a gateway to the Iron City of Dis.
 74804 | Hell     | Found a gateway to the ashen valley of Gehenna.
 75234 | Zot:5    | Got the Orb of Zot
 75474 | Depths:4 | Noticed Gima the pandemonium lord
 75476 | Depths:4 | Gained mutation: Your spells are a little easier to cast,
                  | but a little less powerful. [a neqoxec]
 75919 | D:$      | Escaped with the Orb!

Skill      XL: |  1  2  3  4  5  6  7  8  9 10 11 12 13 14 15 16 17 18 19 20 21 22 23 24 25 26 27 |
---------------+----------------------------------------------------------------------------------+-----
Maces & Flails | 3 4 5 6 7 9 10 11 13 14 15 17 18 19 25 | 25.7
Fighting       | 4 7 10 11 12 14 15 17 18 19 20 21 22 23 24 25 27 | 27.0
Invocations    | 2 5 6 8 9 10 | 10.0
Shields        | 5 7 8 10 12 13 15 17 18 19 20 23 25 | 25.0
Armour         | 5 7 8 10 14 15 16 17 18 19 20 25 | 25.0
Evocations     | 3 6 8 10 15 | 15.0
Axes           | 4 |  4.5
Dodging        | 3 5 7 9 10 11 12 15 | 15.0

Action                   |  1- 3 |  4- 6 |  7- 9 | 10-12 | 13-15 | 16-18 | 19-21 | 22-24 | 25-27 || total
-------------------------+-------+-------+-------+-------+-------+-------+-------+-------+-------++-------
Melee: Flail             |   107 |   201 |   194 |   651 |       |       |       |       |       ||  1153
       Morningstar       |       |       |   233 |    89 |       |       |       |       |   695 ||  1017
       Eveningstar       |       |       |       |    42 |  1630 |  1455 |  1849 |  1609 |  3749 || 10334
       Broad axe         |       |       |       |       |       |   126 |       |       |       ||   126
Throw: Javelin           |       |     3 |     5 |     3 |    19 |     1 |       |       |       ||    31
Invok: Heroism           |       |       |     1 |     7 |     9 |     1 |     1 |       |       ||    19
       Finesse           |       |       |       |     3 |     4 |       |     2 |       |     7 ||    16
 Abil: Fly               |       |       |       |       |     1 |       |       |       |       ||     1
       Evoke Blink       |       |       |       |       |       |       |       |       |     3 ||     3
Evoke: Wand              |       |       |       |       |     2 |     1 |       |     2 |     5 ||    10
       Lightning rod     |       |       |       |       |       |       |       |       |    14 ||    14
       Lamp of fire      |       |       |       |       |       |       |       |       |     3 ||     3
       Box of beasts     |       |       |       |       |       |       |       |       |     1 ||     1
       Phantom mirror    |       |       |       |       |       |       |       |       |     1 ||     1
  Use: Scroll            |       |     8 |    10 |     6 |    14 |    14 |    15 |    14 |    37 ||   118
       Potion            |       |     1 |     2 |     1 |       |       |       |     1 |     7 ||    12
 Stab: Petrified         |       |       |       |       |     4 |     5 |       |       |       ||     9
       Confused          |       |       |       |       |       |     1 |       |       |       ||     1
       Paralysed         |       |       |       |       |       |       |     1 |       |       ||     1
       Distracted        |       |       |       |       |       |       |     1 |       |     1 ||     2
  Eat: Chunk             |       |     8 |    13 |    14 |    33 |    22 |    30 |    28 |    33 ||   181
       Ration            |       |       |       |     2 |     1 |     1 |     1 |       |    15 ||    20
Armor: Scale mail        |    55 |     7 |       |       |       |       |       |       |       ||    62
       Swamp dragon scal |       |    75 |   153 |       |       |       |       |       |       ||   228
       Chain mail        |       |       |    58 |   166 |    21 |       |       |       |       ||   245
       Crystal plate arm |       |       |       |   209 |   702 |   666 |   257 |   342 |   677 ||  2853
       Plate armour      |       |       |       |       |     1 |       |       |       |       ||     1
       Pearl dragon scal |       |       |       |       |       |       |   204 |       |       ||   204
       Gold dragon scale |       |       |       |       |       |       |       |       |   481 ||   481
Dodge: Dodged            |    46 |    57 |   143 |    66 |   129 |   150 |   211 |   180 |   771 ||  1753
       Deflected         |       |       |       |       |       |       |       |       |    51 ||    51
Block: Shield            |    48 |    87 |   191 |   344 |   508 |       |       |       |       ||  1178
       Reflection        |       |       |       |     4 |    30 |   169 |    48 |       |       ||   251
       Large shield      |       |       |       |       |   712 |  1764 |  1757 |  1745 |  5744 || 11722
